 Dungeon Crawl Stone Soup version 0.27-a0-46-g34d46f0a3f (webtiles) character file.

Game seed: 6203007734088889628

175 wythoutpain the Grasshopper (level 5, -2/26 HPs)
             Began as a Spriggan Warper on Jan 7, 2021.
             Slain by Grinder (5 damage)
             ... while paralysed by Grinder
             ... on level 3 of the Dungeon.
             The game lasted 00:16:48 (3717 turns).

wythoutpain the Grasshopper (Spriggan Warper)       Turns: 3717, Time: 00:16:49

Health: -2/26      AC:  3    Str:  7    XL:     5   Next: 29%
Magic:  19/19      EV:  4    Int: 16    God:
Gold:   162        SH:  0    Dex: 15    Spells: 1/9 levels left

rFire    . . .     SeeInvis +   a - +1 short sword
rCold    . . .     Faith    .   (shield restricted)
rNeg     . . .     Spirit   .   b - +1 robe
rPois    .         Reflect  .   (helmet restricted)
rElec    .         Harm     .   (no cloak)
rCorr    .         Rampage  .   (gloves unavailable)
Will     .....                  (boots unavailable)
Stlth    ++........             u - amulet of magic regeneration
HPRegen  0.08/turn              h - +4 ring of evasion
MPRegen  0.41/turn              i - ring of magical power

@: paralysed, very quick
A: very small, unfitting armour, see invisible, speed 3
a: no special abilities


You were on level 3 of the Dungeon.
You visited 1 branch of the dungeon, and saw 3 of its levels.

You collected 162 gold pieces.

Inventory:

Hand Weapons
 a - a +1 short sword (weapon)
 v - a +0 hunting sling
Missiles
 c - 20 sling bullets
 e - 5 boomerangs of dispersal
 f - 75 stones
 l - 21 poisoned darts (quivered)
Armour
 b - a +1 robe (worn)
Jewellery
 h - a +4 ring of evasion (left hand)
 i - a ring of magical power (right hand)
 r - an uncursed ring of ice
 u - an amulet of magic regeneration (around neck)
Wands
 n - a wand of acid (7)
Scrolls
 d - a scroll of blinking
 k - 2 scrolls of remove curse
 m - 2 scrolls of identify
 o - a scroll of amnesia
 p - a scroll of enchant weapon
 s - a scroll of fog
Potions
 g - a potion of flight
 j - a potion of might {unknown}
 q - a potion of curing
 t - a potion of degeneration {unknown}
 w - a potion of resistance {unknown}
 x - a potion of attraction {unknown}
 z - a potion of heal wounds {unknown}


   Skills:
 + Level 2.0 Fighting
 + Level 4.1 Short Blades
 + Level 1.6 Throwing
 + Level 4.3 Dodging
 + Level 2.6 Stealth
 + Level 2.9 Spellcasting
 + Level 5.2 Translocations


You had one spell level left.
You knew the following spells:

 Your Spells              Type           Power        Failure   Level
a - Blink                 Tloc           N/A          3%          2
b - Gell's Gravitas       Tloc           9%           6%          3
c - Teleport Other        Tloc           19%          6%          3

Your spell library contained the following spells:

 Spells                   Type           Power        Failure   Level
 Lesser Beckoning         Tloc           9%           6%          3
 Passage of Golubria      Tloc           N/A          22%         4


Dungeon Overview and Level Annotations

Branches:
Dungeon (3/15)

Altars:
Cheibriados
Uskayaw
Vehumet

Annotations:
D:3 Grinder


Innate Abilities, Weirdness & Mutations

You are very small and have problems with some larger weapons.
You are too small for most types of armour.
You have supernaturally acute eyesight. (SInv)
You cover ground extremely quickly.


Message History

You start waiting.
Grinder is nearby!
Grinder gestures at you.
You suddenly lose the ability to move!
Grinder gestures at you. Pain shoots through your body!
Grinder gestures at you.
You shrug off the repeated paralysis!
You can move again.
Grinder gestures at you.
You suddenly lose the ability to move!
Grinder gestures at you.
You shrug off the repeated paralysis!
Grinder gestures at you. Pain shoots through your body!
* * * LOW HITPOINT WARNING * * *
Grinder hits you.
* * * LOW HITPOINT WARNING * * *
You writhe in agony.
You die...

#####....#.#
#..#.###..#.....#
......####.# #.#..#
##.#.....#
####.......####.#.##
#.#.....# #
#.#####......#)#
#.#.....# # #.#
#.###....# #.#.....#
#.#####.####..##
#<.######
#....##..###.)# ##.[..#
####......##..#####
####.# #####.....@....#
#.## ##### #..##.5..÷.#
#..# #...# ##÷.#.#....#
##.####
##...########...#....#
#......
#.......).......#....#
#......
#....########[..#....#
#...... #.####
####....#....# ###.###
#)# #............####
##..# ..#
#.8.8.8..##....^###..##


You could see Grinder.

Vanquished Creatures
  A bullfrog (D:3)
  3 adders
  2 oozes (D:2)
  2 worms (D:2)
  A dart slug (D:2)
  4 leopard geckos
  5 orcs (D:3)
  2 giant cockroaches
  8 goblins
  6 hobgoblins
  6 kobolds
  3 ball pythons
  7 bats
  3 frilled lizards
  10 rats
63 creatures vanquished.

Notes
Turn   | Place    | Note
-------+----------+-------------------------------------------
     0 | D:1      | wythoutpain the Spriggan Warper began the quest for the
                  | Orb.
     0 | D:1      | Reached XP level 1. HP: 10/10 MP: 5/5
   470 | D:1      | Reached skill level 5 in Translocations
   888 | D:1      | Reached XP level 2. HP: 14/14 MP: 6/6
  1231 | D:1      | Learned a level 2 spell: Blink
  1689 | D:2      | Reached skill level 1 in Stealth
  1689 | D:2      | Reached XP level 3. HP: 18/18 MP: 8/8
  2579 | D:2      | Reached XP level 4. HP: 12/23 MP: 9/9
  2977 | D:2      | Learned a level 3 spell: Gell's Gravitas
  2981 | D:2      | Learned a level 3 spell: Teleport Other
  3144 | D:3      | Found a snail-covered altar of Cheibriados.
  3178 | D:3      | Noticed a bullfrog
  3188 | D:3      | Killed a bullfrog
  3189 | D:3      | Reached XP level 5. HP: 26/26 MP: 10/10
  3293 | D:3      | Found a hide-covered altar of Uskayaw.
  3578 | D:3      | Found a radiant altar of Vehumet.
  3674 | D:3      | Noticed Grinder
  3698 | D:3      | Paralysed by Grinder for 7 turns
  3710 | D:3      | Paralysed by Grinder for 7 turns
  3717 | D:3      | Slain by Grinder

Illustrated notes

Levels and vault maps discovered:
D:1:      heliophobic_arrival_ceremonial_halls, layout_basic, serial_glass,
          glass_columns_b, glass_columns_b, minmay_small_reverse_x
D:2:      layout_basic
D:3:      layout_rooms, eat_drink_and_be_merry_uskayaw,
          nicolae_overflow_hidden_temple, general_overflow_altar, minmay_cupped,
          uniq_grinder

Skill      XL: |  1  2  3  4 |
---------------+-------------+-----
Translocations | 5 |  5.2
Stealth        | 1 2 |  2.6
Short Blades   | 3 4 |  4.1
Dodging        | 4 |  4.3
Fighting       | 2 |  2.0
Throwing       | |  1.6
Spellcasting   | |  2.9

Action                   |  1- 3 |  4- 6 || total
-------------------------+-------+-------++-------
Melee: Short sword       |   163 |    66 ||   229
Throw: Dart              |    29 |     4 ||    33
 Cast: Gell's Gravitas   |       |     5 ||     5
  Use: Scroll            |       |     8 ||     8
 Stab: Sleeping          |     5 |     5 ||    10
Armor: Robe              |    10 |     5 ||    15
Dodge: Dodged            |   135 |    55 ||   190

Table legend: (Time is in decaauts)
 A = Elapsed time spent in this place.
 B = Non-inter-level travel time spent in this place.
 C = Inter-level travel time spent in this place.
 D = Time resting spent in this place.
 E = Time spent auto-exploring this place.
 F = Levels seen in this place.
 G = Mean time per level.
                   A        B        C        D        E       F      G
               +--------+--------+--------+--------+--------+-----+--------+
         Total |   2863 |   2810 |     53 |    129 |   2141 |   3 |  954.3 |
       Dungeon |   2863 |   2810 |     53 |    129 |   2141 |   3 |  954.3 |
               +--------+--------+--------+--------+--------+-----+--------+

Top non-repeatable levels by time:
     D:2: 1313 daAuts
     D:1: 1015 daAuts
     D:3: 534 daAuts
